 Dungeon Crawl Stone Soup version 0.28-a0-771-g91a516d0e7 (webtiles) character file.

Game seed: 7917805610597846077

11473 Essalna the Destroyer (level 11, -2/62 HPs)
             Began as a Gargoyle Fire Elementalist on Nov 1, 2021.
             Was a Believer of Vehumet.
             Hit by a large rock thrown by a cyclops (25 damage)
             ... on level 11 of the Dungeon.
             The game lasted 00:27:28 (12936 turns).

Essalna the Destroyer (Gargoyle Fire Elementalist) Turns: 12936, Time: 00:27:28

Health: -2/62      AC: 21    Str: 12    XL:     11   Next: 78%
Magic:  14/24      EV: 12    Int: 19    God:    Vehumet [**....]
Gold:   578        SH:  0    Dex: 10    Spells: 15/28 levels left

rFire   + . .      SeeInvis .   q - +2 whip (freeze)
rCold   + . .      Faith    .   (no shield)
rNeg    + . .      Spirit   .   L - +0 troll leather armour
rPois   ∞          Reflect  .   n - +0 helmet
rElec   +          Harm     .   t - scarf {rC+ rF+}
rCorr   .          Rampage  .   p - +1 pair of gloves
Will    .....                   B - +0 pair of boots
Stlth   ++........              C - amulet of magic regeneration
HPRegen 1.20/turn               D - +4 ring of protection
MPRegen 0.44/turn               (no ring)

@: no status effects
A: sickness immunity, AC +8, negative energy resistance 1, electricity
resistance, torment resistance 1, petrification resistance
a: Renounce Religion


You were on level 11 of the Dungeon.
You worshipped Vehumet.
Vehumet was pleased with you.
You visited 2 branches of the dungeon, and saw 12 of its levels.

You collected 578 gold pieces.

Inventory:

Hand Weapons
 b - a +0 long sword
 d - a +0 whip
 q - a +2 whip of freezing (weapon)
 x - the +9 hunting sling of the Owl {freeze, rElec Int+6 Dex-4 Stlth+}
   (You took it off a kobold on level 4 of the Dungeon)

   Any ammunition fired from it freezes those it strikes, dealing additional
   cold damage.
   It can also slow down cold-blooded creatures.
   Int:       It affects your intelligence (+6).
   Dex:       It affects your dexterity (-4).
   rElec:     It insulates you from electricity.
   Stlth:     It makes you more stealthy.
Armour
 a - a +0 robe
 n - a +0 helmet (worn)
 o - a +2 leather armour of fire resistance
 p - a +1 pair of gloves (worn)
 t - a scarf of resistance (worn)
 B - a +0 pair of boots (worn)
 L - a +0 troll leather armour (worn)
Magical Staves
 E - a staff of death
 F - a staff of cold
Jewellery
 y - an amulet of guardian spirit
 C - an amulet of magic regeneration (around neck)
 D - a +4 ring of protection (left hand)
 K - a +6 ring of strength
Wands
 f - a wand of iceblast (4)
 I - a wand of paralysis (6)
Scrolls
 c - 3 scrolls of immolation
 g - 7 scrolls of identify
 m - 2 scrolls of teleportation
 w - a scroll of magic mapping
 H - a scroll of enchant weapon
Potions
 e - a potion of resistance
 h - 2 potions of lignification {unknown}
 i - 4 potions of degeneration {unknown}
 j - 4 potions of curing {unknown}
 k - a potion of mutation {unknown}
 l - 4 potions of brilliance {unknown}
 r - a potion of might {unknown}
 v - 2 potions of cancellation {unknown}
 z - a potion of berserk rage {unknown}
 J - a potion of magic {unknown}


   Skills:
 + Level 4.6 Fighting
 + Level 4.6 Armour
 + Level 3.8 Dodging
 - Level 2.1 Stealth
 + Level 9.2 Spellcasting
 + Level 10.7 Conjurations
 + Level 10.2 Fire Magic


You had 15 spell levels left.
You knew the following spells:

 Your Spells              Type           Power      Damage    Failure   Level
a - Foxfire               Conj/Fire      100%       2x1d9     1%          1
b - Scorch                Fire           94%        2d10      1%          2
c - Flame Wave            Conj/Fire      48%        3d9       1%          4
d - Starburst             Conj/Fire      24%        6d8       22%         6

Your spell library contained the following spells:

 Spells                   Type           Power      Damage    Failure   Level
 Mephitic Cloud           Conj/Pois/Air  22%        N/A       7%          3
 Magic Dart               Conj           100%       1d8       1%          1
 Searing Ray              Conj           98%        2d8       1%          2
 Conjure Flame            Conj/Fire      48%        6-21      1%          3
 Dazzling Flash           Conj/Hex       58%        N/A       3%          3
 Inner Flame              Hex/Fire       28%        N/A       3%          3
 Stone Arrow              Conj/Erth      58%        3d10      3%          3
 Freeze                   Ice            32%        1d5       11%         1
 Fulminant Prism          Conj/Hex       14%        3d9       11%         4
 Iskenderun's Mystic Bla  Conj/Tloc      29%        2d7       11%         4
 Passwall                 Tmut/Erth      6%         N/A       16%         2
 Wereblood                Tmut           8%         N/A       16%         2
 Swiftness                Air            8%         N/A       30%         3
 Animate Armour           Summ/Erth      16%        N/A       71%         4
 Invisibility             Hex            4%         N/A       100%        6
 Storm Form               Tmut/Air       4%         N/A       100%        7
 Lehudib's Crystal Spear  Conj/Erth      14%        10d5      100%        8
 Polar Vortex             Ice            4%         N/A       100%        9


Dungeon Overview and Level Annotations

Branches:
Dungeon (11/15)            Temple (1/1) D:7            Lair (0/6) D:10
    Orc (0/2) D:10

Altars:
Ashenzari
Cheibriados
Dithmenos
Elyvilon
Fedhas
Gozag
Hepliaklqana
Kikubaaqudgha
Makhleb
Nemelex Xobeh
Okawaru
Qazlal
Ru
Sif Muna
Trog
Uskayaw
Vehumet
Wu Jian
Xom
Yredelemnul
Zin
The Shining One

Shops:
D:5 :   D:8 *


Innate Abilities, Weirdness & Mutations

You are immune to sickness and miasma.
Your stone body is resilient. (AC +8)
You are immune to poison.
You resist negative energy. (rN+)
You are resistant to electric shocks. (rElec)
You are resistant to unholy torment.
You are immune to petrification.


Message History

Found five items.
Found an escape hatch in the ceiling.
Found a stone staircase leading up.
There is a stone staircase leading up here.
Casting: Flame Wave (dangerous; 1% risk of failure)
Confirm with . or Enter, or press ? or * to list all spells.
Casting: Flame Wave (dangerous; 1% risk of failure)
Press: ? - help, Dir - look around, f - activate A wave of flame ripples out! (Press . to intensify the flame waves.)
You hear a shout!
A wave of flame ripples out!
The flame wave engulfs the boulder beetle.
The boulder beetle is lightly wounded.
The boulder beetle bites you.
A wave of flame ripples out!
The flame wave engulfs the boulder beetle!
The boulder beetle is lightly wounded.
You finish channelling waves of flame.
You hear a shout!
The boulder beetle bites you!!
Casting: Flame Wave (dangerous; 1% risk of failure)
Confirm with . or Enter, or press ? or * to list all spells.
Casting: Flame Wave (dangerous; 1% risk of failure)
Press: ? - help, Dir - look around, f - activate A wave of flame ripples out!
The flame wave engulfs the boulder beetle!
The boulder beetle is moderately wounded. (Press . to intensify the flame waves.)
The boulder beetle barely misses you.
A wave of flame ripples out!
The flame wave engulfs the boulder beetle!!
The boulder beetle is heavily wounded.
A cyclops comes into view.
The boulder beetle bites you!
A wave of flame ripples out!
The flame wave engulfs the boulder beetle but does no damage.
The boulder beetle is heavily wounded.
You finish channelling waves of flame.
The cyclops throws a large rock.
The large rock hits you!!
You die...

.........#
........#
......)#
......# ./...
.<( #B####.##
#@......C
#.$.).....##.##
..........#
..<...##.$..
....#. #...#
#..... .#.#
....# .#$( .##.
.. ..


You could see a boulder beetle and a cyclops.

Vanquished Creatures
  A boulder beetle (D:10)
  3 two-headed ogres
  A cyclops (D:9)
  A manticore (D:10)
  A kobold demonologist (D:8)
  3 trolls
  A meliai (D:9)
  A hornet (D:8)
  A wind drake (shapeshifter) (D:8)
  Grinder (D:5)
  2 wraiths
  12 yaks
  A water moccasin (D:6)
  11 orc warriors
  2 ice beasts
  A sky beast (D:7)
  An ogre (D:7)
  2 necrophages (D:6)
  2 phantoms
  4 centaurs
  A kobold brigand (D:10)
  2 bullfrogs
  7 scorpions
  A wyvern zombie (D:9)
  A wyvern skeleton (D:7)
  2 killer bees (D:10)
  5 wights
  2 howler monkeys
  A bullfrog zombie (D:6)
  A crimson imp (D:4)
  2 bullfrog skeletons
  5 centaur zombies
  9 orc priests
  A centaur skeleton (D:6)
  3 hounds
  3 iguanas
  4 orc wizards
  3 howler monkey zombies
  Robin (D:2)
  A howler monkey skeleton (D:4)
  9 adders
  6 gnolls
  2 shadow imps (D:6)
  A white imp (D:6)
  An ufetubus (D:5)
  An adder skeleton (D:4)
  2 worms
  42 orcs
  5 ball pythons
  10 endoplasms
  2 giant cockroaches
  16 goblins
  10 hobgoblins
  9 kobolds
  A quokka (D:3)
  4 bats
  4 frilled lizards
  2 goblin skeletons (D:4)
  A goblin zombie (D:4)
  4 hobgoblin zombies (D:4)
  An orc skeleton (D:4)
  An orc zombie (D:4)
  3 rats
244 creatures vanquished.

Vanquished Creatures (others)
  818 foxfires
818 creatures vanquished.

Grand Total: 1062 creatures vanquished

Notes
Turn   | Place    | Note
-------+----------+-------------------------------------------
     0 | D:1      | Essalna the Gargoyle Fire Elementalist began the quest for
                  | the Orb.
     0 | D:1      | Reached XP level 1. HP: 10/10 MP: 3/3
   198 | D:1      | Reached XP level 2. HP: 8/15 MP: 0/5
   845 | D:2      | Reached XP level 3. HP: 15/19 MP: 2/6
  1922 | D:2      | Noticed Robin
  2029 | D:2      | Killed Robin
  2030 | D:2      | Reached XP level 4. HP: 24/24 MP: 0/8
  2845 | D:3      | Reached XP level 5. HP: 16/28 MP: 7/9
  3257 | D:3      | Found an ancient bone altar of Kikubaaqudgha.
  3378 | D:3      | Reached XP level 6. HP: 17/32 MP: 3/11
  3769 | D:3      | Found a faded altar of an unknown god.
  3773 | D:3      | Learned a level 2 spell: Scorch
  4482 | D:3      | Found a sparkling altar of Nemelex Xobeh.
  4715 | D:4      | Found a glowing golden altar of the Shining One.
  4831 | D:4      | Reached skill level 5 in Fire Magic
  4831 | D:4      | Reached XP level 7. HP: 36/36 MP: 6/13
  5931 | D:4      | Reached skill level 5 in Conjurations
  6011 | D:4      | Identified the +9 hunting sling of the Owl {freeze, rElec
                  | Int+6 Dex-4 Stlth+}
  6271 | D:5      | Entered Level 5 of the Dungeon
  6412 | D:5      | Reached XP level 8. HP: 39/41 MP: 9/15
  6549 | D:5      | Reached skill level 5 in Spellcasting
  6865 | D:5      | Found Zauntif's Self-Improvement Boutique.
  7049 | D:5      | Noticed Grinder
  7056 | D:5      | Killed Grinder
  7791 | D:6      | Reached XP level 9. HP: 45/45 MP: 5/18
  8790 | D:7      | Got the Grimoire of the Glacier and Transmigration
  8868 | D:7      | Found a staircase to the Ecumenical Temple.
  8877 | Temple   | Entered the Ecumenical Temple
  8913 | Temple   | Became a worshipper of Vehumet
  9281 | D:7      | Found an opulent altar of Gozag.
  9285 | D:7      | Found a blossoming altar of Fedhas.
  9285 | D:7      | Found a basalt altar of Yredelemnul.
  9298 | D:7      | Found a shimmering blue altar of Sif Muna.
  9310 | D:7      | Found a stormy altar of Qazlal.
  9411 | D:7      | Found a sacrificial altar of Ru.
  9826 | D:8      | HP: 2/45 [yak (5)]
 10217 | D:8      | Reached XP level 10. HP: 50/50 MP: 15/21
 10265 | D:8      | Found Jaen's Gadget Gallery.
 10639 | D:8      | Noticed a kobold demonologist
 10645 | D:8      | Killed a kobold demonologist
 11014 | D:8      | Reached * piety under Vehumet
 11014 | D:8      | Offered knowledge of Sandblast by Vehumet.
 11257 | D:8      | Learned a level 4 spell: Flame Wave
 11274 | D:9      | Reached skill level 1 in Fighting
 11274 | D:9      | Reached skill level 1 in Armour
 11344 | D:9      | Noticed a two-headed ogre
 11345 | D:9      | Noticed a cyclops
 11482 | D:9      | Found a hazy altar of Hepliaklqana.
 11716 | D:9      | Killed a two-headed ogre
 11717 | D:9      | Reached skill level 10 in Conjurations
 11717 | D:9      | Reached XP level 11. HP: 59/59 MP: 8/23
 11833 | D:9      | Killed a cyclops
 12304 | D:10     | Entered Level 10 of the Dungeon
 12344 | D:10     | Noticed a centaur warrior
 12344 | D:10     | Noticed a manticore
 12360 | D:10     | Killed a manticore
 12416 | D:10     | Noticed a two-headed ogre
 12422 | D:10     | Killed a two-headed ogre
 12423 | D:10     | Reached skill level 10 in Fire Magic
 12430 | D:10     | Learned a level 6 spell: Starburst
 12481 | D:10     | Noticed a two-headed ogre
 12489 | D:10     | Killed a two-headed ogre
 12597 | D:10     | Identified the +5 chain mail "Paratzes" {Harm Str+3}
 12612 | D:10     | Noticed a boulder beetle
 12644 | D:10     | Reached ** piety under Vehumet
 12644 | D:10     | Offered knowledge of Shock by Vehumet.
 12665 | D:10     | Killed a boulder beetle
 12856 | D:10     | Found a staircase to the Lair.
 12869 | D:10     | Offered knowledge of Mephitic Cloud by Vehumet.
 12930 | D:11     | Noticed a boulder beetle
 12935 | D:11     | Noticed a cyclops
 12936 | D:11     | Hit by a large rock thrown by a cyclops

Illustrated notes

Levels and vault maps discovered:
D:1:      saegor_arrival_simple_b, layout_basic
D:2:      layout_basic, serial_co_window_serial, co_window_paths_a,
          co_window_paths_a, co_window_paths_b, co_window_paths_a,
          co_window_paths_b, co_window_of_opportunity_a, co_window_corner_a,
          co_window_paths_a, co_window_paths_b, co_window_of_opportunity_b,
          co_window_corner_cb, co_window_of_opportunity_b, co_window_2corner,
          co_window_of_opportunity_b, co_window_cross_4, co_window_2corner,
          glass_columns_a, uniq_robin
D:3:      layout_basic, nemelex_dance_club_becter,
          nicolae_kikubaaqudgha_miasma_corner, basic_ecumenical_altar,
          kennysheep_another_room, hangedman_feature_mirror, feat_on_display
D:4:      layout_basic, nicolae_tso_besieged_by_evil
D:5:      layout_gridville, nicolae_shop_self_help, uniq_grinder
D:6:      layout_layer_cave, minmay_parallelograms,
          kennysheep_opposing_triangles
D:7:      layout_loops_ring, mainiacjoe_overflow_alcove_1,
          minmay_overflow_temple_star_hex, minmay_temple_entry_tees,
          grunt_tough_drop
D:8:      minmay_razor_zed, layout_rooms, nicolae_shop_gadgets
D:9:      layout_small_grid, worldfamousw_hep_ancestral_shrine, corner_web_ring,
          minmay_checkerbox
D:10:     minmay_ornate_pinched, layout_cave_pools, lair_entry_dummy,
          david_orc_4, minmay_mirror_moons_of_madness
D:11:     layout_rooms, hangedman_decor_clover_reticule,
          hellmonk_guarded_unrand_vines
Temple:   minmay_temple_bridge_abc

Skill      XL: |  1  2  3  4  5  6  7  8  9 10 11 |
---------------+----------------------------------+-----
Conjurations   | 2 3 4 5 7 8 10 | 10.7
Spellcasting   | 3 4 6 7 8 9 |  9.2
Fire Magic     | 4 5 7 8 9 10 | 10.2
Fighting       | 2 4 |  4.6
Armour         | 2 4 |  4.6
Dodging        | 2 3 |  3.8
Stealth        | |  2.1

Action                   |  1- 3 |  4- 6 |  7- 9 | 10-12 || total
-------------------------+-------+-------+-------+-------++-------
Melee: Long sword        |    19 |    21 |       |       ||    40
       Whip              |       |    78 |    47 |    23 ||   148
 Cast: Foxfire           |    55 |   145 |   178 |   102 ||   480
       Scorch            |       |       |    71 |   133 ||   204
       Flame Wave        |       |       |       |    18 ||    18
Evoke: Wand              |       |       |       |     2 ||     2
  Use: Scroll            |       |       |       |    12 ||    12
 Stab: Distracted        |       |       |     1 |       ||     1
       Paralysed         |       |       |       |    10 ||    10
Armor: Robe              |    16 |    50 |    49 |    32 ||   147
       Troll leather arm |       |       |       |    38 ||    38
Dodge: Dodged            |    25 |    78 |    44 |    67 ||   214

Table legend: (Time is in decaauts)
 A = Elapsed time spent in this place.
 B = Non-inter-level travel time spent in this place.
 C = Inter-level travel time spent in this place.
 D = Time resting spent in this place.
 E = Time spent auto-exploring this place.
 F = Levels seen in this place.
 G = Mean time per level.
                   A        B        C        D        E       F      G
               +--------+--------+--------+--------+--------+-----+--------+
         Total |  12981 |  12514 |    467 |    309 |  10215 |  12 | 1081.8 |
       Dungeon |  12925 |  12477 |    448 |    309 |  10196 |  11 | 1175.0 |
        Temple |     56 |     37 |     19 |      0 |     19 |   1 |   56.0 |
               +--------+--------+--------+--------+--------+-----+--------+

Top non-repeatable levels by time:
     D:2: 2060 daAuts
     D:3: 1729 daAuts
     D:8: 1713 daAuts
     D:4: 1566 daAuts
     D:6: 1475 daAuts
     D:9: 1016 daAuts
     D:1: 944 daAuts
     D:5: 924 daAuts
     D:7: 861 daAuts
    D:10: 627 daAuts
  Temple: 56 daAuts
    D:11: 5 daAuts
